 Dungeon Crawl Stone Soup version 0.20.1-1-g8b1a95d (console) character file.

464 hilaritas the Chopper (level 6, -1/57 HPs)
             Began as a Deep Dwarf Berserker on Dec 31, 2017.
             Was a Believer of Trog.
             Slain by an ogre
             ... wielding a +0 giant club
              (11 damage)
             ... on level 4 of the Dungeon.
             The game lasted 00:13:00 (3159 turns).

hilaritas the Chopper (Deep Dwarf Berserker)        Turns: 3159, Time: 00:13:01

Health: -1/57      AC:  9    Str: 22    XL:     6   Next: 80%
Magic:  5/5        EV: 11    Int:  8    God:    Trog [**....]
Gold:   200        SH:  0    Dex: 12    Spells: 5/5 levels left

rFire    . . .     SeeInvis .   a - +1 hand axe
rCold    + . .     Gourm    .   (no shield)
rNeg     . . .     Faith    .   l - +0 ring mail {rC+}
rPois    .         Spirit   .   (no helmet)
rElec    .         Reflect  .   (no cloak)
rCorr    .         Harm     .   f - +0 pair of gloves
MR       ++...                  b - +1 pair of boots
Stlth    +.........             (no amulet)
Regen    1.0/turn               (no ring)
MPRegen  0.1/turn               (no ring)

@: non-regenerating
A: damage resistance, heal wounds, sense surroundings 1, no regeneration
a: Heal Wounds, Berserk, Trog's Hand, Burn Spellbooks, Renounce Religion


You were on level 4 of the Dungeon.
You worshipped Trog.
Trog was pleased with you.
You were not hungry.

You visited 1 branch of the dungeon, and saw 4 of its levels.

You collected 200 gold pieces.

Inventory:

Hand Weapons
 a - a +1 hand axe (weapon)
 d - a +0 mace
 h - a +0 hand axe
Armour
 b - a +1 pair of boots (worn)
 f - a +0 pair of gloves (worn)
 l - a +0 ring mail of cold resistance (worn)
Scrolls
 e - a scroll of teleportation
 g - 2 scrolls of magic mapping
 p - a scroll of identify
Potions
 j - a potion of lignification
 m - 5 potions of curing
 o - 2 potions of agility
 q - a potion of ambrosia
Comestibles
 c - 5 bread rations
 i - a meat ration
 k - 3 chunks of flesh


   Skills:
 + Level 4.2 Fighting
 * Level 5.7 Axes
 + Level 5.2 Armour
 - Level 2.1 Dodging


You had 5 spell levels left.
You didn't know any spells.

Dungeon Overview and Level Annotations

Branches:
Dungeon (4/15)
 Temple: D:4-7

Altars:
Makhleb


Innate Abilities, Weirdness & Mutations

You are resistant to damage.
You can heal yourself by infusing magical energy.
You passively map a small area around you.
You do not regenerate.


Message History

The orc priest hits you but does no damage.
The orc wizard hits you but does no damage.
You slash the orc priest!
The orc priest is severely wounded.
You hit the orc wizard but do no damage.
You barely miss the orc. The orc wizard casts a spell at you.
The puff of frost misses you. The orc hits you but does no damage.
The orc priest hits you with a dagger. The orc wizard closely misses you.
You closely miss the orc priest.
The orc priest is severely wounded.
You closely miss the orc. You hit the orc wizard.
The orc priest calls down the wrath of Beogh upon you.
Beogh smites you! The orc hits you with a club.
The orc wizard hits you but does no damage.
The orc priest calls down the wrath of Beogh upon you.
Beogh smites you!
* * * LOW HITPOINT WARNING * * *
The orc wizard hits you with a dagger. The ogre hits you with a giant club!
You die...

, ,............##### ,
................# , ,
............###.#
..................# #.#
, ,
..................###.#
,
......................#
,,
..................#####
,..................# ,
..................# ,
,, ......oO..........#
......o@..........#
......o...........#
......o..##......###
.......#.##........#
..........#........#
.#...#.............#
#...#.....###.....# ,
,+.........###.....# ,
#...#.....##......#
......###.##.###### *
#...#....###.#


You could see an ogre, 2 orc priests, an orc wizard and an orc.

Vanquished Creatures
  Purgy (D:3)
  A scorpion (D:3)
  An orc priest (D:3)
  An orc wizard (D:4)
  Natasha (D:3)
  2 worker ants
  4 adders (D:3)
  3 gnolls (D:3)
  An ooze (D:3)
  6 worms
  5 dart slugs
  2 leopard geckos
  10 orcs
  4 giant cockroaches
  10 goblins
  6 hobgoblins
  4 jackals (D:3)
  A quokka (D:2)
  3 ball pythons
  8 bats
  7 frilled lizards
  7 kobolds
  3 rats
91 creatures vanquished.

Notes
Turn   | Place    | Note
-------+----------+-------------------------------------------
     0 | D:1      | hilaritas the Deep Dwarf Berserker began the quest for the Orb.
     0 | D:1      | Reached XP level 1. HP: 20/20 MP: 1/1
   119 | D:1      | Reached XP level 2. HP: 21/27 MP: 2/2
   523 | D:1      | Reached ** piety under Trog
   523 | D:1      | Reached XP level 3. HP: 24/34 MP: 3/3
  1060 | D:2      | You fall through a shaft for 2 floors!
  1086 | D:4      | Reached XP level 4. HP: 42/42 MP: 4/4
  1242 | D:3      | Reached skill level 5 in Axes
  1318 | D:3      | Reached XP level 5. HP: 49/49 MP: 5/5
  1856 | D:3      | Noticed Purgy
  1871 | D:3      | Killed Purgy
  1871 | D:3      | Reached XP level 6. HP: 46/57 MP: 5/5
  2560 | D:3      | Noticed Natasha
  2575 | D:3      | Killed Natasha
  2575 | D:3      | Reached skill level 5 in Armour
  3132 | D:4      | Found a burning altar of Makhleb.
  3159 | D:4      | Slain by an ogre

Skill      XL: |  1  2  3  4  5  6 |
---------------+-------------------+-----
Axes           | 4 5 |  5.7
Fighting       | 3 4 |  4.2
Armour         | 3 4 5 |  5.2
Dodging        | |  2.1

Action                   |  1- 3 |  4- 6 || total
-------------------------+-------+-------++-------
Melee: Hand axe          |    68 |    49 ||   117
       Dagger            |   137 |   547 ||   684
Invok: Berserk           |     2 |     9 ||    11
       Trog's Hand       |     2 |    11 ||    13
 Abil: Heal Wounds       |     1 |     6 ||     7
  Use: Scroll            |     7 |     3 ||    10
  Eat: Chunk             |     2 |    20 ||    22
       Royal jelly       |       |     1 ||     1
Armor: Animal skin       |    23 |       ||    23
       Ring mail         |    88 |   265 ||   353
Dodge: Dodged            |   132 |   348 ||   480
